 Dungeon Crawl Stone Soup version 0.28.0-53-g5a82cb258f (webtiles) character file.

Game seed: 14938914808222538933

2 audacious124 the Scratcher (level 1, -1/9 HPs)
             Began as a Felid Transmuter on July 11, 2022.
             Slain by a hobgoblin (5 damage)
             ... on level 1 of the Dungeon.
             The game lasted 00:01:02 (48 turns).

audacious124 the Scratcher (Felid Transmuter)         Turns: 48, Time: 00:01:02

Health: -1/9       AC:  1    Str:  6    XL:     1   Next: 25%
Magic:  4/4        EV: 17    Int: 14    God:
Gold:   23         SH:  0    Dex: 16    Spells: 3/4 levels left
                                        Lives:  0   Deaths: 0

rFire   . . .      SeeInvis +     - Unarmed
rCold   . . .      Faith    .   (shield unavailable)
rNeg    . . .      Spirit   .   (armour unavailable)
rPois   .          Reflect  .   (helmet unavailable)
rElec   .          Harm     .   (cloak unavailable)
rCorr   .          Rampage  .   (gloves unavailable)
Will    .....                   (boots unavailable)
Stlth   +.........              (no amulet)
HPRegen 0.03/turn               (no ring)
MPRegen 0.09/turn               (no ring)

@: quick
A: very small, claws 1, fangs 3, see invisible, speed 1, shaggy fur 1, stealthy
paws, no weapons or thrown items, no armour, multi-lived
a: no special abilities


You were on level 1 of the Dungeon.
You visited 1 branch of the dungeon, and saw 1 of its levels.

You collected 23 gold pieces.

Inventory:

Potions
 a - a potion of lignification {unknown}


   Skills:
 + Level 1.0 Fighting
 + Level 2.7 Dodging
 + Level 3.0 Unarmed Combat
 + Level 2.0 Spellcasting
 + Level 2.2 Transmutations


You had 3 spell levels left.
You knew the following spells:

 Your Spells              Type           Power      Damage    Failure   Level
a - Beastly Appendage     Tmut           14%        N/A       10%         1

Your spell library contained the following spells:

 Spells                   Type           Power      Damage    Failure   Level
 Wereblood                Tmut           7%         N/A       14%         2
 Spider Form              Tmut/Pois      4%         N/A       41%         3
 Ice Form                 Ice/Tmut       4%         N/A       83%         4


Dungeon Overview and Level Annotations

Branches:
Dungeon (1/15)

Altars:


Innate Abilities, Weirdness & Mutations

You have sharp claws.
You have razor-sharp teeth.
You have supernaturally acute eyesight. (SInv)
You cover ground quickly. (Speed+)
You are covered in fur. (AC +1)
Your paws help you pounce on unaware monsters.
You are incapable of wielding weapons or throwing items.
You cannot wear armour.
You gain extra lives every three experience levels.


Message History

You see here 4 gold pieces.
You see here a smoky cyan potion.
a - a smoky cyan potion The kobold completely misses you.
The goblin hits you with a +0 club.
A hobgoblin comes into view.
You closely miss the goblin.
The hobgoblin shouts! x2
Your claw misses the goblin.
A hobgoblin comes into view.
You closely miss the goblin.
The hobgoblin shouts!
You bite the goblin.
The goblin is heavily wounded.
The goblin misses you.
You scratch the goblin.
You kill the goblin!
You barely miss the hobgoblin.
The kobold hits you with a +0 short sword.
The hobgoblin barely misses you.
You scratch the hobgoblin. Your bite misses the hobgoblin.
The hobgoblin is lightly wounded.
The kobold closely misses you. The hobgoblin hits you.
You closely miss the hobgoblin.
The hobgoblin is lightly wounded.
The kobold closely misses you. The hobgoblin completely misses you.
Attack: -) Teeth and claws
Press: ? - help, Dir - move target, f - hobgoblin
Aim: a hobgoblin (lightly wounded, about 37% to evade your paws)
Okay, then.
You aren't carrying any items that you can evoke.
You scratch the kobold.
You kill the kobold!
The hobgoblin closely misses you.
You barely miss the hobgoblin. The hobgoblin misses you.
A hobgoblin comes into view.
You closely miss the hobgoblin.
The hobgoblin shouts!
Your bite misses the hobgoblin. The hobgoblin hits you.
Ouch! That really hurt!
You die...

## # .# .##. ##.# ....
...# ####
##..####..#.....
#...g@gg.....?.#
...##g####.$.###.
.............# #.
####.#.....##. #.
#.#......#
#.#############.##..#..#
#.................>....#
##.#.##########.....#....
##.#.#........#####.#####


You could see 4 hobgoblins.

Vanquished Creatures
  A goblin (D:1)
  A kobold (D:1)
2 creatures vanquished.

Notes
Turn   | Place    | Note
-------+----------+-------------------------------------------
     0 | D:1      | audacious124 the Felid Transmuter began the quest for the
                  | Orb.
     0 | D:1      | Reached XP level 1. HP: 9/9 MP: 4/4
    48 | D:1      | Slain by a hobgoblin

Illustrated notes

Levels and vault maps discovered:
D:1:      dpeg_arrival_connections, layout_basic, ebering_ecumenical_altar_mist,
          minmay_tetromino_l2

Action                   || total
-------------------------++-------
Melee: Unarmed           ||     9
       Bite              ||     1
Dodge: Dodged            ||     8
